 Dungeon Crawl Stone Soup version 0.30.1-9-gdf580d7c3d (webtiles) character file.

Game seed: 15709344326773184266

484636 elbjorno the Shatterer (level 24, -1/370 HPs)
             Began as a Naga Warper on Oct 6, 2023.
             Was the Champion of Cheibriados.
             Slain by a spriggan berserker
             ... wielding a +0 war axe
              (5 damage)
             ... on level 3 of the Depths on Oct 7, 2023.
             The game lasted 05:06:41 (61426 turns).

elbjorno the Shatterer (Naga Warper)               Turns: 61426, Time: 05:06:41

Health: -1/370     AC: 49    Str: 32    XL:     24   Next: 92%
Magic:  0/37       EV: 16    Int: 45    God:    Cheibriados [******]
Gold:   6371       SH: 28    Dex: 37    Spells: 19/43 levels left

rFire   . . .        x - +7 mace of the Gnat {heavy, Fly rN+ Str-4 Dex+6}
rCold   . . .        Q - +3 tower shield {AC+3}
rNeg    + + +        X - +16 plate armour of Ignis's Approval {Contam rN++ Int+3}
rPois   +            b - +0 hat of Hadjma {rPois rN+ Int+5}
rElec   +            j - scarf of Hubris {repulsion, rPois Int+2}
rCorr   +            T - +1 pair of gloves of Sick {rElec}
SInv    +            I - +5 barding of Vos Bias {rCorr}
Will    +++..        Z - amulet "Ecuugaf" {Spirit rElec Int+3 Stlth+} Stlth
                     d - ring of the Quahog {rN++ Str+3 Int+2 Dex+6 SInv}
HPRegen 0.81/turn    O - ring of False Pretenses {Wiz rElec Str-5 Slay+4}
MPRegen 0.25/turn

%: repel missiles, guardian spirit, wizardry (x1)
@: mighty, berserking (expiring), flying, studying 3 skills, very slow
A: AC +8, large, see invisible, deformed body, poison resistance, slowness 2,
spit poison 1, naga tail 2, antennae 1, dopey 1, screaming 1, subdued magic 1
}: 2/15 runes: decaying, serpentine
a: Spit Poison, Renounce Religion, Bend Time, Temporal Distortion, Slouch, Step
From Time


You were on level 3 of the Depths.
You worshipped Cheibriados.
Cheibriados was exalted by your worship.
You visited 10 branches of the dungeon, and saw 45 of its levels.
You also visited: Trove, Ice Cave, Volcano and Desolation.

You collected 8764 gold pieces.
You spent 2393 gold pieces at shops.

Inventory:

Hand Weapons
 x - the +7 mace of the Gnat (weapon) {heavy, Fly rN+ Str-4 Dex+6}
   (You took it off a deep elf pyromancer on level 3 of the Elven Halls)

   Str:       It affects your strength (-4).
   Dex:       It affects your dexterity (+6).
   rN:        It protects you from negative energy.
   Fly:       It grants you flight.
 A - a +1 morningstar of flaming
 F - a +4 eveningstar of holy wrath
Missiles
 g - 5 silver javelins (quivered)
 J - 24 poisoned darts
Armour
 b - the +0 hat of Hadjma (worn) {rPois rN+ Int+5}
   (You acquired it on level 1 of the Dungeon)

   Int:       It affects your intelligence (+5).
   rPois:     It protects you from poison.
   rN:        It protects you from negative energy.
 j - the scarf of Hubris (worn) {repulsion, rPois Int+2}
   (You bought it in a shop on level 1 of the Elven Halls)

   Int:       It affects your intelligence (+2).
   rPois:     It protects you from poison.
 m - a +8 chain mail of willpower
 t - a scarf of resistance
 v - a +2 crystal plate armour of cold resistance
 I - the +5 barding of Vos Bias (worn) {rCorr}
   (You acquired it on level 7 of the Dungeon)

   rCorr:     It protects you from acid and corrosion.
 K - a +2 ring mail of fire resistance
 Q - a +3 tower shield of protection (worn)
 T - the +1 pair of gloves of Sick (worn) {rElec}
   (You found it on level 15 of the Dungeon)

   rElec:     It insulates you from electricity.
 X - the +16 plate armour of Ignis's Approval (worn) {Contam rN++ Int+3}
   (You found it on level 3 of the Elven Halls)

   Int:       It affects your intelligence (+3).
   rN:        It greatly protects you from negative energy.
   Contam:    It causes magical contamination when unequipped.
Jewellery
 c - the ring "Sonojioff" {+Blink rElec rPois rF+}
   (You found it on level 1 of the Depths)

   [ring of protection from fire]

   rF:        It protects you from fire.
   rElec:     It insulates you from electricity.
   rPois:     It protects you from poison.
   +Blink:    It lets you blink.
 d - the ring of the Quahog (left hand) {rN++ Str+3 Int+2 Dex+6 SInv}
   (You took it off a meliai on level 3 of the Lair of Beasts)

   [ring of dexterity]

   Str:       It affects your strength (+3).
   Int:       It affects your intelligence (+2).
   Dex:       It affects your dexterity (+6).
   rN:        It greatly protects you from negative energy.
   SInv:      It lets you see invisible.
 n - the ring "Yguifuna" {+Blink rF+ SInv}
   (You took it off an ironbound convoker in the Desolation of Salt)

   [ring of see invisible]

   rF:        It protects you from fire.
   SInv:      It lets you see invisible.
   +Blink:    It lets you blink.
 s - a ring of ice
 u - a ring of fire
 C - a ring of willpower
 E - a ring of resist corrosion
 O - the ring of False Pretenses (right hand) {Wiz rElec Str-5 Slay+4}
   (You found it in the Desolation of Salt)

   [ring of wizardry]

   It improves your spell success rate.
   Str:       It affects your strength (-5).
   Slay:      It affects your accuracy & damage with ranged weapons and melee
   (+4).
   rElec:     It insulates you from electricity.
 P - a ring of protection from cold
 S - the amulet of New Discoveries {Reflect +Inv rElec rC- rCorr SH+5}
   (You found it in a treasure trove)

   [amulet of reflection]

   It reflects blocked missile attacks.
   rC:        It makes you vulnerable to cold.
   rElec:     It insulates you from electricity.
   +Inv:      It lets you turn invisible.
   rCorr:     It protects you from acid and corrosion.
   SH:        It affects your SH (+5).
 U - the ring "Gox Laic" {*Slow rPois Will+ Int+6 Dex+6}
   (You found it in a treasure trove)

   [ring of intelligence]

   Int:       It affects your intelligence (+6).
   Dex:       It affects your dexterity (+6).
   rPois:     It protects you from poison.
   *Slow:     It may slow you when you take damage.
   Will:      It increases your willpower.
 Z - the amulet "Ecuugaf" (around neck) {Spirit rElec Int+3 Stlth+}
   (You found it in an ice cave)

   [amulet of guardian spirit]

   It causes incoming damage to be divided between your reserves of health and
   magic.
   Int:       It affects your intelligence (+3).
   rElec:     It insulates you from electricity.
   Stlth:     It makes you more stealthy.
Wands
 a - a wand of charming (69)
 e - a wand of polymorph (5)
 h - a wand of roots (10)
 o - a wand of flame (88)
 y - a wand of light (11)
 R - a wand of mindburst (8)
Scrolls
 i - 19 scrolls of teleportation
 k - 9 scrolls of immolation
 l - a scroll of enchant armour
 r - a scroll of blinking
 B - 3 scrolls of magic mapping
 H - 6 scrolls of fear
 N - 3 scrolls of butterflies
 W - 6 scrolls of fog
 Y - 6 scrolls of poison
Potions
 f - a potion of cancellation
 p - 6 potions of mutation
 q - 9 potions of curing
 w - 7 potions of lignification
 z - a potion of magic
 D - 4 potions of resistance
 G - 2 potions of invisibility
 L - a potion of berserk rage
 M - 6 potions of flight
 V - a potion of might


   Skills:
 + Level 20.8 Fighting
 + Level 23.3 Maces & Flails
 - Level 12.0 Throwing
 - Level 10.1 Armour
 - Level 13.2 Dodging
 + Level 14.4 Shields
 - Level 10.0 Spellcasting
 + Level 12.3 Translocations
 - Level 5.1 Transmutations
 - Level 10.0 Invocations


You had 19 spell levels left.
You knew the following spells:

 Your Spells              Type           Power      Damage    Failure   Level
a - Blink                 Tloc           100%       N/A       1%          2
b - Lesser Beckoning      Tloc           100%       N/A       1%          2
c - Teleport Other        Tloc           80%        N/A       1%          3
d - Vhi's Electric Charg  Tloc/Air       100%       N/A       1%          3
e - Manifold Assault      Tloc           80%        N/A       1%          4
f - Wereblood             Tmut           51%        N/A       1%          2
g - Disjunction           Tloc           40%        N/A       92%         8

Your spell library contained the following spells:

 Spells                   Type           Power      Damage    Failure   Level
 Momentum Strike          Conj/Tloc      100%       3d10      1%          2
 Gell's Gravitas          Tloc           80%        N/A       1%          3
 Volatile Blastmotes      Fire/Tloc      100%       2d18      1%          3
 Passwall                 Tmut/Erth      28%        N/A       2%          2
 Iskenderun's Mystic Bla  Conj/Tloc      56%        2d12      4%          4
 Dispersal                Tloc           40%        N/A       5%          6
 Kiss of Death            Conj/Necr      68%        2d10      6%          1
 Magic Dart               Conj           68%        1d6       6%          1
 Necrotise                Necr           68%        1d7       6%          1
 Sandblast                Erth           34%        2d9       6%          1
 Shock                    Conj/Air       68%        1d7       6%          1
 Summon Small Mammal      Summ           68%        N/A       6%          1
 Spider Form              Tmut/Pois      34%        N/A       6%          3
 Call Imp                 Summ           34%        N/A       9%          2
 Cigotuvi's Dreadful Rot  Necr/Pois/Air  34%        N/A       9%          2
 Ensorcelled Hibernation  Hex/Ice        34%        N/A       9%          2
 Poisonous Vapours        Pois/Air       34%        N/A       9%          2
 Scorch                   Fire           34%        2d6       9%          2
 Static Discharge         Conj/Air       34%        2-4/arc   9%          2
 Sublimation of Blood     Necr           17%        N/A       9%          2
 Summon Forest            Summ/Tloc      28%        N/A       13%         5
 Call Canine Familiar     Summ           17%        N/A       17%         3
 Dazzling Flash           Conj/Hex       34%        N/A       17%         3
 Hailstorm                Conj/Ice       17%        3d6       17%         3
 Inner Flame              Hex/Fire       17%        N/A       17%         3
 Mephitic Cloud           Conj/Pois/Air  17%        N/A       17%         3
 Stone Arrow              Conj/Erth      34%        3d9       17%         3
 Summon Guardian Golem    Hex/Summ       17%        N/A       17%         3
 Swiftness                Air            17%        N/A       17%         3
 Vampiric Draining        Necr           17%        2d7       17%         3
 Ice Form                 Ice/Tmut       34%        N/A       21%         4
 Airstrike                Air            8%         2d(2-18)  50%         4
 Anguish                  Hex/Necr       8%         N/A       50%         4
 Animate Armour           Summ/Erth      34%        N/A       50%         4
 Animate Dead             Necr           17%        N/A       50%         4
 Dispel Undead            Necr           17%        3d10      50%         4
 Flame Wave               Conj/Fire      17%        2d7       50%         4
 Fulminant Prism          Conj/Hex       8%         3d7       50%         4
 Olgreb's Toxic Radiance  Pois           17%        N/A       50%         4
 Sticky Flame             Conj/Fire      17%        2d4       50%         4
 Summon Ice Beast         Ice/Summ       17%        N/A       50%         4
 Summon Lightning Spire   Summ/Air       17%        N/A       50%         4
 Alistair's Intoxication  Tmut/Pois      22%        N/A       50%         5
 Yara's Violent Unravell  Hex/Tmut       17%        3d8       50%         5
 Agony                    Necr           17%        N/A       83%         5
 Arcjolt                  Conj/Air       8%         1d18      83%         5
 Borgnjor's Vile Clutch   Necr/Erth      8%         N/A       83%         5
 Fireball                 Conj/Fire      8%         3d6       83%         5
 Freezing Cloud           Conj/Ice/Air   8%         6-21      83%         5
 Iskenderun's Battlesphe  Conj           17%        2d7       83%         5
 Lee's Rapid Deconstruct  Erth           8%         3d7*      83%         5
 Silence                  Hex/Air        8%         N/A       83%         5
 Eringya's Noxious Bog    Tmut/Pois      17%        N/A       96%         6
 Statue Form              Tmut/Erth      22%        N/A       96%         6
 Death Channel            Necr           8%         N/A       100%        6
 Iron Shot                Conj/Erth      8%         9d3       100%        6
 Plasma Beam              Fire/Air       8%         2x1d21    100%        6
 Simulacrum               Ice/Necr       8%         N/A       100%        6
 Starburst                Conj/Fire      8%         6d4       100%        6
 Summon Cactus Giant      Summ           8%         N/A       100%        6
 Haunt                    Necr/Summ      8%         N/A       100%        7
 Spellforged Servitor     Conj/Summ      8%         N/A       100%        7
 Summon Hydra             Summ           8%         N/A       100%        7
 Borgnjor's Revivificati  Necr           8%         N/A       100%        8
 Infestation              Necr           8%         N/A       100%        8
 Lehudib's Crystal Spear  Conj/Erth      8%         10d4      100%        8
 Maxwell's Capacitive Co  Air            8%         ∞         100%        8
 Death's Door             Necr           8%         N/A       100%        9
 Fire Storm               Conj/Fire      8%         8d2       100%        9


Dungeon Overview and Level Annotations

Branches:
Dungeon (15/15)            Temple (1/1) D:6            Lair (5/5) D:8
  Swamp (4/4) Lair:2        Snake (4/4) Lair:3        Slime (0/5) Lair:5
    Orc (2/2) D:12            Elf (3/3) Orc:2        Vaults (4/5) D:13
  Crypt (3/3) Vaults:2       Tomb (0/3) Crypt:3      Depths (4/4) D:15
  IceCv (visited)         Volcano (visited)         Desolation (visited)
    Zot: Depths:4

Altars:
Ashenzari
Cheibriados
Dithmenos
Elyvilon
Fedhas
Gozag
Kikubaaqudgha
Makhleb
Nemelex Xobeh
Okawaru
Ru
Sif Muna
Trog
Uskayaw
Vehumet
Wu Jian
Yredelemnul
Zin
The Shining One
Jiyva

Shops:
D:2 [![   D:3 *   D:14 [   Orc:2 [=!*   Elf:1 [   Snake:1 :   Snake:2 [[*[
Depths:1 *   Depths:3 :=:

Portals:
Hell: Depths:1 Depths:2 Depths:3
Abyss: Lair:1 Depths:2 Depths:3
Pandemonium: Depths:2 Depths:3
Ziggurat: Depths:1

Annotations:
D:5 1 runed translucent door, bogdani's ghost, novice HOFi
D:11 3 runed translucent doors
Lair:1 4 transporters, TwoHeadsTalk's ghost, journeyman OpSu
Elf:1 3 runed translucent doors, kalagan's ghost, adept DECj


Innate Abilities, Weirdness & Mutations

Your serpentine skin is tough. (AC +8)
You have supernaturally acute eyesight. (SInv)
Armour fits poorly on your strangely shaped body.
Your system is resistant to poisons. (rPois)
You cover ground very slowly.
You can spit poison.
You can use your snake-like lower body to constrict enemies.
You have a pair of small antennae on your head.
You are dopey. (Int -2)
You occasionally shout uncontrollably at your foes.
Your spells are a little easier to cast, but a little less powerful.


Message History

The iron troll claws you but does no damage.
The deep troll shaman closely misses you.
The deep troll shaman claws you but does no damage.
You block the deep troll shaman's attack.
The ettin hits you but does no damage. x2
You are too berserk!
You sock the ettin!
The ettin is moderately wounded.
You constrict the iron troll!!
You block the spriggan berserker's attack.
The ettin barely misses you. x2
You block the deep troll shaman's attack.
The deep troll shaman claws you!
* * * LOW HITPOINT WARNING * * *
The deep troll shaman claws you but does no damage.
The spriggan berserker hits you with a +0 war axe!!
* * * LOW HITPOINT WARNING * * *
You block the iron troll's attack.
The iron troll claws you but does no damage. x2
You are too berserk!
You are too berserk!
You pound the ettin like an anvil!!!
The ettin is almost dead.
You constrict the iron troll, but do no damage.
The death yak rages.
You block the spriggan berserker's attack.
You block the deep troll shaman's attack.
The deep troll shaman claws you.
* * * LOW HITPOINT WARNING * * *
You block the deep troll shaman's attack.
You block the ettin's attack.
The ettin hits you with a +0 dire flail!
* * * LOW HITPOINT WARNING * * *
You bludgeon the ettin!!
You kill the ettin!
Cheibriados thoroughly appreciates the change of pace.
You constrict the iron troll!!
You block the spriggan berserker's attack.
The spriggan berserker hits you with a +0 war axe.
You die...

...#....##...###.................
...#.....)....##.................
...##........................)<..
........#.......)..........###...
............##..)......##..##.###
..........†###...###...##....## #
#...........##...###.......###
######.#####...T[)...##....#
.#♣♣♣♣∩♣♣♣♣#...)@T...##.####
.#♣...?...♣#...i##...##.#
.#♣...⌠...♣#.....##..##.#
.#♣.∩...∩.♣#............#
.#♣♣..∩..♣♣#..##..#.....#
###♣♣...♣♣##....##.##.####
..##♣♣♣♣♣##....##.⌠.##...#
...#######....####.####.##
.......#......#.#.###.#..#


You could see an iron troll, a spriggan berserker (berserk, regenerating,
strong-willed) and a deep troll shaman.

Vanquished Creatures
  An ancient lich (Vaults:3)
  Mennas (Depths:3)
  A juggernaut (Depths:3)
  A royal mummy (Crypt:3)
  A caustic shrike (Depths:3)
  2 golden dragons (Depths:3)
  The ghost of Ivernyr the Pulveriser, a veteran FoFi of Wu Jian (Depths:2)
  4 tentacled monstrosities
  7 liches
  2 titans
  2 deep elf master archers (Elf:3)
  3 deep elf blademasters
  Asterion (Snake:1)
  A quicksilver dragon (Depths:3)
  4 ancient champions
  5 sphinxes
  A storm dragon (Depths:3)
  A thorn hunter (Swamp:1)
  Roxanne (Elf:3)
  A shadow dragon (Depths:3)
  4 revenants
  2 imperial myrmidons (Desolation)
  3 nagarajas (Snake:4)
  2 frost giants
  5 fenstrider witches (Swamp:4)
  7 fire giants
  Louise (Snake:1)
  6 deep elf sorcerers
  12 vault wardens
  11 ghouls
  2 curse skulls
  A juggernaut zombie (Crypt:1)
  An orc warlord (Vaults:4)
  A reaper (Depths:1)
  5 deep elf elementalists (Elf:3)
  16 ironbound preservers
  A war gargoyle (Vaults:2)
  6 ironbound thunderhulks
  12 stone giants
  13 very ugly things
  Nessos (Lair:5)
  3 eleionomae
  11 vampire knights
  5 deep elf demonologists (Elf:3)
  2 halazid warlocks (Desolation)
  13 spark wasps
  4 deep elf annihilators
  2 bunyips
  The ghost of tish the Fighter, a journeyman OpFi of Gozag (Lair:5)
  3 eidola
  The ghost of Otufisit the Devastator, a journeyman DgCj (D:15)
  4 crystal guardians
  Josephine (Lair:4)
  4 deep elf death magi
  7 mummy priests (Crypt:3)
  A green death (Swamp:4)
  10 jiangshi
  6 deep elf high priests
  3 shambling mangroves
  16 ettins
  2 blizzard demons
  7 fire dragons
  3 entropy weavers
  6 ragged hierophants (Desolation)
  7 yaktaur captains
  3 great orbs of eyes
  6 servants of whispers (Desolation)
  5 ice dragons
  11 peacekeepers
  4 hell beasts (Depths:1)
  3 catoblepae
  4 salamander tyrants (Snake:4)
  9 vault guards
  2 rakshasas (D:15)
  3 ghost crabs
  11 hydras
  19 centaur warriors
  A spriggan air mage (Depths:3)
  A fenstrider witch skeleton (Crypt:3)
  10 ironbound frosthearts
  19 two-headed ogres
  14 alligators
  An anaconda (shapeshifter) (D:13)
  35 dancing weapons
  6 ogre magi
  A spriggan skeleton (Crypt:2)
  A satyr (shapeshifter) (D:13)
  8 naga warriors
  A death knight (Crypt:2)
  3 tengu warriors
  7 vampire magi
  15 death yaks
  7 boulder beetles
  13 deep troll earth magi
  6 anacondas
  5 deep troll shamans
  5 naga sharpshooters
  An orc high priest (Swamp:4)
  A spriggan berserker (Depths:2)
  5 shock serpents
  13 spriggans
  16 deep elf knights
  3 soul eaters
  Amaemon (Lair:2)
  2 fire crabs (shapeshifter) (D:15)
  A skyshark (Lair:3)
  3 sun demons
  2 shadow wraiths
  An anaconda zombie (Crypt:2)
  10 iron trolls
  7 salamander mystics (Snake:4)
  A death drake (Swamp:4)
  30 skeletal warriors
  4 goliath frogs
  2 sixfirhies
  52 deep trolls
  2 flayed ghosts (Crypt:3)
  4 glowing orange brains
  5 spriggan druids
  7 bog bodies
  A spriggan simulacrum (Crypt:1)
  3 swamp dragons
  A bunyip zombie (Crypt:2)
  An obsidian statue (Depths:1)
  12 deep elf archers
  2 shadow demons
  35 deep elf pyromancers
  6 necromancers
  5 wizards
  An iron dragon zombie (Crypt:1)
  6 lindwurms
  3 mana vipers
  5 harpies (Vaults:1)
  7 naga ritualists
  7 orc knights
  18 ironbound convokers
  12 phantasmal warriors
  17 ugly things
  8 orc sorcerers
  A stone giant zombie (Crypt:2)
  30 deep elf zephyrmancers
  3 will-o-the-wisps
  A shadow dragon skeleton (Crypt:2)
  3 manticores
  4 cyclopes
  24 salamanders
  A tengu skeleton (Vaults:1)
  An ice statue (IceCv)
  A centaur zombie (Crypt:2)
  A stone giant skeleton (Vaults:2)
  A rust devil (Depths:3)
  31 elephants
  27 black mambas
  A black mamba (shapeshifter) (D:13)
  12 naga magi
  7 vault sentinels
  7 guardian serpents
  A naga skeleton (Crypt:2)
  A torpor snail (Lair:5)
  A smoke demon (Depths:3)
  2 gargoyles (D:11)
  A dire elephant skeleton (Crypt:2)
  9 cane toads
  Maggie (D:7)
  5 orange demons
  A yellow draconian skeleton (Crypt:1)
  2 kobold demonologists (D:11)
  33 yaktaurs
  A tengu conjurer (Depths:1)
  3 komodo dragons
  3 rime drakes
  A death yak skeleton (Crypt:3)
  A tormentor (Depths:1)
  An efreet (D:14)
  2 freezing wraiths
  A minotaur skeleton (Crypt:2)
  40 guardian mummies
  A red devil (Depths:2)
  An ice devil (Depths:2)
  A queen bee (Lair:3)
  A harpy zombie (Crypt:1)
  A hydra zombie (Crypt:3)
  A white draconian skeleton (Crypt:2)
  3 meliai (Lair:3)
  17 polar bears
  2 hellwings (Swamp:4)
  A death drake skeleton (Crypt:2)
  5 trolls
  A wind drake (shapeshifter) (D:14)
  8 hornets
  A tarantella (shapeshifter) (Elf:1)
  A tarantella (Vaults:1)
  8 tyrant leeches
  Prince Ribbit (D:5)
  An ettin zombie (Vaults:1)
  46 saltlings (Desolation)
  2 blink frogs (Lair:3)
  5 air elementals
  33 slime creatures
  Sigmund (D:4)
  9 flying skulls (Crypt:3)
  7 ushabtiu (Crypt:3)
  42 yaks
  A shadow (D:13)
  11 wraiths
  3 wyverns
  4 water elementals
  2 vampires (Crypt:2)
  Eustachio (D:4)
  An alligator skeleton (Crypt:3)
  2 ynoxinuls
  4 basilisks (Lair:3)
  4 fire elementals
  4 redbacks
  A fire bat (Volcano)
  3 neqoxecs
  20 vampire mosquitoes
  2 steam dragons
  A chaos spawn (Swamp:4)
  Menkaure (D:7)
  A demonspawn zombie (Crypt:2)
  39 nagas
  14 swamp worms
  3 wargs (Orc:2)
  An ogre zombie (Vaults:2)
  3 faun zombies
  15 water moccasins
  A fire bat skeleton (Crypt:1)
  19 orc warriors
  An ice beast (D:6)
  2 black bears
  A cane toad skeleton (Crypt:2)
  A human zombie (Vaults:1)
  2 swamp drakes
  29 wolves
  6 sky beasts
  An ettin simulacrum (Vaults:2)
  33 ogres
  An elephant zombie (Crypt:1)
  A lindwurm zombie (Crypt:2)
  17 centaurs
  A hog zombie (Crypt:1)
  A phantom (D:5)
  A swamp dragon skeleton (Crypt:1)
  3 kobold brigands (D:11)
  6 necrophages
  An elf skeleton (Crypt:3)
  A glowing shapeshifter simulacrum (Vaults:2)
  19 bullfrogs
  An ogre simulacrum (Vaults:2)
  2 scorpions
  2 gnoll sergeants
  5 wights
  26 killer bees (Lair:3)
  A warg skeleton (Crypt:3)
  4 electric eels
  A raiju zombie (Crypt:3)
  5 howler monkeys
  12 lava snakes
  3 hounds
  10 orc priests
  3 jellies
  2 gnoll boudas
  A basilisk skeleton (Crypt:1)
  4 sleepcaps
  4 iguanas
  2 human skeletons (Crypt:1)
  11 orc wizards
  A naga zombie (Crypt:3)
  17 mummies
  7 adders
  21 gnolls
  2 shadow imps
  3 white imps
  An ufetubus (D:5)
  2 worms
  4 dart slugs
  53 orcs
  6 ball pythons
  12 endoplasms
  3 giant cockroaches
  5 goblins
  9 hobgoblins
  12 jackals
  5 quokkas
  7 bats
  2 frilled lizards
  A frilled lizard skeleton (Crypt:1)
  A giant cockroach zombie (Crypt:2)
  7 kobolds
  7 rats
  2 river rat skeletons
  A spectral weapon (Elf:3)
1882 creatures vanquished.

Vanquished Creatures (others)
  2 deep elf knights
  A deep elf zephyrmancer (Elf:2)
  A salamander (Snake:1)
  A tyrant leech (Swamp:3)
  7 bloated husks
  14 foxfires
  6 spectral weapons
32 creatures vanquished.

Grand Total: 1914 creatures vanquished

Notes
Turn   | Place    | Note
-------+----------+-------------------------------------------
     0 | D:1      | elbjorno the Naga Warper began the quest for the Orb.
     0 | D:1      | Reached XP level 1. HP: 19/19 MP: 3/3
   157 | D:1      | Reached XP level 2. HP: 25/26 MP: 5/5
   287 | D:1      | Reached skill level 3 in Maces & Flails
   523 | D:1      | Reached XP level 3. HP: 32/32 MP: 6/6
  1051 | D:1      | Found a faded altar of an unknown god.
  1181 | D:1      | Identified 2 scrolls of acquirement
  1181 | D:1      | Acquired 495 gold pieces
  1185 | D:1      | Acquired the +0 hat of Hadjma {rPois rN+ Int+5}
  1216 | D:2      | Reached skill level 4 in Maces & Flails
  1324 | D:2      | Found Jotwi Got's Antique Armour Emporium.
  1408 | D:2      | Bought a shiny buckler for 150 gold pieces
  1408 | D:2      | Bought a glowing chain mail for 150 gold pieces
  1532 | D:2      | Reached XP level 4. HP: 39/39 MP: 7/7
  1626 | D:2      | Found Ebrym's Distillery.
  2029 | D:2      | Found Xabonan's Antique Armour Boutique.
  2041 | D:2      | Bought a glimmering cloak for 237 gold pieces
  2041 | D:2      | Identified the +3 cloak "Qyb Olop" {Rampage rPois rF+} (You
                  | bought it in a shop on level 2 of the Dungeon)
  2252 | D:3      | Found Ajeruz's Assorted Antiques.
  2317 | D:3      | Noticed a sky beast
  2333 | D:3      | Killed a sky beast
  2334 | D:3      | Reached skill level 5 in Maces & Flails
  2334 | D:3      | Reached XP level 5. HP: 45/45 MP: 8/8
  2337 | D:3      | Learned a level 2 spell: Blink
  2340 | D:3      | Learned a level 2 spell: Lesser Beckoning
  2344 | D:3      | Learned a level 3 spell: Teleport Other
  3022 | D:4      | Noticed Eustachio
  3062 | D:4      | Killed Eustachio
  3063 | D:4      | Reached skill level 6 in Maces & Flails
  3063 | D:4      | Reached XP level 6. HP: 29/52 MP: 9/9
  3231 | D:4      | Noticed Sigmund
  3240 | D:4      | Reached skill level 7 in Maces & Flails
  3240 | D:4      | Reached XP level 7. HP: 48/61 MP: 10/10
  3253 | D:4      | Killed Sigmund
  3782 | D:5      | Entered Level 5 of the Dungeon
  4229 | D:5      | Found a sacrificial altar of Ru.
  4259 | D:5      | Reached XP level 8. HP: 64/72 MP: 11/11
  4314 | D:5      | Noticed Prince Ribbit
  4932 | D:5      | Killed Prince Ribbit
  5284 | D:5      | Found a runed translucent door.
  5287 | D:5      | Noticed bogdani's ghost (novice HOFi)
  5354 | D:5      | Found an iron altar of Okawaru.
  5560 | D:5      | Reached skill level 1 in Armour
  5685 | D:6      | Found a basalt altar of Yredelemnul.
  5811 | D:6      | Reached skill level 5 in Fighting
  5848 | D:6      | Reached XP level 9. HP: 54/81 MP: 13/13
  5866 | D:6      | Reached skill level 5 in Translocations
  6003 | D:6      | Found a staircase to the Ecumenical Temple.
  6013 | Temple   | Entered the Ecumenical Temple
  6017 | Temple   | Became a worshipper of Cheibriados the Contemplative
  6146 | D:6      | Reached skill level 1 in Throwing
  6206 | D:6      | Found a sparkling altar of Nemelex Xobeh.
  6419 | D:7      | Reached skill level 8 in Maces & Flails
  6558 | D:7      | Noticed Maggie
  6578 | D:7      | Killed Maggie
  6917 | D:7      | Learned a level 3 spell: Vhi's Electric Charge
  6922 | D:7      | Learned a level 4 spell: Manifold Assault
  7009 | D:7      | Noticed a manticore
  7022 | D:7      | Killed a manticore
  7023 | D:7      | Reached XP level 10. HP: 65/91 MP: 14/14
  7033 | D:7      | Reached * piety under Cheibriados
  7367 | D:7      | Acquired the +5 barding of Vos Bias {rCorr}
  7560 | D:7      | Noticed Menkaure
  7565 | D:7      | Killed Menkaure
  7775 | D:7      | Reached skill level 9 in Maces & Flails
  8063 | D:8      | Reached ** piety under Cheibriados
  8528 | D:8      | Found a staircase to the Lair.
  9271 | D:9      | Reached *** piety under Cheibriados
  9352 | D:9      | Noticed a two-headed ogre
  9362 | D:9      | Killed a two-headed ogre
  9363 | D:9      | Reached XP level 11. HP: 81/100 MP: 15/15
  9718 | D:9      | Noticed a cyclops
  9724 | D:9      | Killed a cyclops
  9917 | D:10     | Entered Level 10 of the Dungeon
  9974 | D:10     | Found a blossoming altar of Fedhas.
  9999 | D:10     | Reached skill level 5 in Armour
 10099 | D:10     | Found a hide-covered altar of Uskayaw.
 10131 | D:10     | Reached skill level 1 in Shields
 10269 | D:10     | Identified the +1 plate armour of the Shining One's Envy
                  | {-Tele Regen+ Dex+3}
 10690 | D:10     | Reached **** piety under Cheibriados
 10927 | D:11     | Reached skill level 10 in Translocations
 11087 | D:11     | Reached skill level 10 in Maces & Flails
 11222 | D:11     | Noticed a manticore
 11232 | D:11     | Killed a manticore
 11351 | D:11     | Found a runed translucent gate.
 11351 | D:11     | Found a runed translucent gate.
 11351 | D:11     | Found a runed translucent gate.
 11352 | D:11     | Noticed a purple ugly thing
 11352 | D:11     | Noticed a white ugly thing
 11352 | D:11     | Noticed a purple ugly thing
 11677 | D:11     | Noticed a two-headed ogre
 11694 | D:11     | Killed a two-headed ogre
 11904 | D:12     | Noticed a deep elf pyromancer
 11928 | D:12     | Killed a deep elf pyromancer
 11929 | D:12     | Reached XP level 12. HP: 103/112 MP: 8/18
 12041 | D:12     | Noticed an eight-headed hydra
 12050 | D:12     | Killed an eight-headed hydra
 12451 | D:12     | Noticed a boulder beetle
 12473 | D:12     | Killed a boulder beetle
 12818 | D:12     | Noticed a two-headed ogre
 12825 | D:12     | Killed a two-headed ogre
 12901 | D:12     | Identified the +1 animal skin "Hadaved" {Str+2}
 13008 | D:12     | Found a staircase to the Orcish Mines.
 13386 | Lair:1   | Entered Level 1 of the Lair of Beasts
 13388 | Lair:1   | Found a transporter.
 13388 | Lair:1   | Found the ring of Shadows {Umbra +Inv Stlth+}
 13406 | Lair:1   | Found a transporter.
 13427 | Lair:1   | Reached skill level 11 in Maces & Flails
 13431 | Lair:1   | Identified the +8 mace "Veibe" {venom, +Blink rF- rC++
                  | SInv}
 13597 | Lair:1   | Found a frozen archway.
 13611 | IceCv    | Entered an ice cave
 13791 | IceCv    | Reached skill level 5 in Spellcasting
 13870 | IceCv    | Reached ***** piety under Cheibriados
 13981 | IceCv    | Identified the amulet "Ecuugaf" {Spirit rElec Int+3 Stlth+}
 14060 | IceCv    | Noticed a death yak
 14060 | IceCv    | Noticed a death yak
 14076 | IceCv    | Killed a death yak
 14082 | IceCv    | Killed a death yak
 14223 | IceCv    | Noticed an ironbound frostheart
 14223 | IceCv    | Noticed an ironbound frostheart
 14255 | IceCv    | Reached skill level 5 in Shields
 14263 | IceCv    | Reached skill level 12 in Maces & Flails
 14270 | IceCv    | Killed an ironbound frostheart
 14281 | IceCv    | Killed an ironbound frostheart
 14282 | IceCv    | Gained mutation: You can use your snake-like lower body to
                  | constrict enemies. [Naga growth]
 14282 | IceCv    | Reached XP level 13. HP: 65/122 MP: 9/20
 14448 | IceCv    | Found the +8 frozen axe "Frostbite" {freeze, freezing
                  | cloud, *Noise Fly rC+}
 14449 | IceCv    | Got the Handbook of Graupel
 14623 | IceCv    | Reached skill level 10 in Fighting
 15036 | Lair:1   | Found a transporter.
 15193 | Lair:1   | Found a transporter.
 15194 | Lair:1   | Noticed TwoHeadsTalk's ghost (journeyman OpSu)
 15279 | Lair:1   | Found a one-way gate to the infinite horrors of the Abyss.
 15637 | Lair:2   | Found the +3 Mad Mage's Maulers {Infuse+∞ VampMP -Cast}
 15763 | Lair:2   | Noticed Amaemon
 15898 | Lair:2   | Reached ****** piety under Cheibriados
 15909 | Lair:2   | Found a staircase to the Swamp.
 15922 | Lair:2   | Reached skill level 13 in Maces & Flails
 16184 | Lair:2   | Killed Amaemon
 16672 | Lair:3   | Reached skill level 1 in Invocations
 16909 | Lair:3   | Found a staircase to the Snake Pit.
 17322 | Lair:3   | Identified the ring of the Quahog {rN++ Str+3 Int+2 Dex+6
                  | SInv}
 17338 | Lair:3   | Reached XP level 14. HP: 133/133 MP: 19/21
 17594 | Lair:4   | Found a dark tunnel.
 17603 | Volcano  | Entered a volcano
 17788 | Volcano  | Reached skill level 5 in Invocations
 18812 | Lair:4   | Found a basalt altar of Yredelemnul.
 18934 | Lair:4   | Identified the +1 leather armour of Hysteria {Contam +Blink
                  | Dex+2}
 19090 | Lair:4   | Noticed Josephine
 19100 | Lair:4   | Killed Josephine
 19291 | Lair:5   | Entered Level 5 of the Lair of Beasts
 19715 | Lair:5   | Reached skill level 10 in Invocations
 20309 | Lair:5   | Noticed Nessos
 20324 | Lair:5   | Reached skill level 14 in Maces & Flails
 20664 | Lair:5   | Killed Nessos
 20780 | Lair:5   | Found a runed translucent door.
 20781 | Lair:5   | Noticed tish's ghost (journeyman OpFi)
 20883 | Lair:5   | Found a staircase to the Slime Pits.
 21084 | Lair:5   | Reached XP level 15. HP: 126/142 MP: 19/22
 21370 | Lair:5   | Reached skill level 5 in Dodging
 21858 | Lair:5   | Killed tish's ghost
 21868 | Lair:5   | Got Yxty's Book of Refrigeration
 22239 | Orc:1    | Entered Level 1 of the Orcish Mines
 22770 | Orc:2    | Entered Level 2 of the Orcish Mines
 22882 | Orc:2    | Reached skill level 15 in Maces & Flails
 23754 | Orc:2    | Found Hegue's Jewellery Shoppe.
 23754 | Orc:2    | Found Omejagh's Armour Shop.
 23755 | Orc:2    | Found Taagycloa's General Store.
 23755 | Orc:2    | Found Onwivot's Distillery.
 23764 | Orc:2    | Bought a potion of magic for 120 gold pieces
 23764 | Orc:2    | Bought 2 potions of curing for 90 gold pieces
 23764 | Orc:2    | Bought a potion of heal wounds for 75 gold pieces
 23764 | Orc:2    | Bought a potion of heal wounds for 75 gold pieces
 23869 | Orc:2    | Found a staircase to the Elven Halls.
 24403 | D:13     | Reached XP level 16. HP: 140/153 MP: 18/25
 24542 | D:13     | Found a gate to the Vaults.
 24792 | D:13     | Acquired a manual of Throwing
 25257 | D:14     | Identified the +1 robe "Vuorch" {Str+4 Int-2}
 25779 | D:14     | Found Fekuhala's Antique Armour Boutique.
 25996 | D:15     | Entered Level 15 of the Dungeon
 26157 | D:15     | Found a radiant altar of Vehumet.
 26449 | D:15     | Found a staircase to the Depths.
 26692 | D:15     | Found a glowing silver altar of Zin.
 26801 | D:15     | Found a runed translucent gate.
 26801 | D:15     | Found a runed translucent gate.
 26801 | D:15     | Found a runed translucent gate.
 26801 | D:15     | Found an ancient bone altar of Kikubaaqudgha.
 26801 | D:15     | Noticed a lich
 26801 | D:15     | Noticed Otufisit's ghost (journeyman DgCj)
 26801 | D:15     | Noticed a lich
 26801 | D:15     | Noticed a lich
 26802 | D:15     | Noticed a lich
 26812 | D:15     | Killed a lich
 26820 | D:15     | Killed a lich
 26824 | D:15     | Killed a lich
 26830 | D:15     | Killed a lich
 26845 | D:15     | Killed Otufisit's ghost
 27089 | D:15     | Identified the +8 long sword of the Ageless Seers {venom,
                  | Fly rElec Dex-2 SInv}
 27092 | D:15     | Got Kikubaaqudgha's Discourse on Rot
 27095 | D:15     | Identified the +1 pair of gloves of Sick {rElec}
 27114 | D:15     | Identified the ring "Gare" {rElec Int+6}
 27547 | Orc:2    | Bought a ring of fire for 275 gold pieces
 27726 | Snake:1  | Entered Level 1 of the Snake Pit
 28000 | Snake:1  | Noticed Asterion
 28017 | Snake:1  | Killed Asterion
 28218 | Snake:1  | Noticed Louise
 28230 | Snake:1  | Killed Louise
 28666 | Snake:1  | Found Guiteas's Vocational Training.
 28676 | Snake:1  | You fall into a shaft and drop 1 floor!
 28910 | Snake:1  | Identified the +1 morningstar of Descent {distort, rElec
                  | rPois Str-3}
 29117 | Snake:2  | Found Ikuthryhie's Antique Armour Boutique.
 29117 | Snake:2  | Found Couhubu's Antique Armour Shop.
 29118 | Snake:2  | Found Zaos's Assorted Antiques.
 29120 | Snake:2  | Found Bolavvit's Armour Shop.
 29281 | Snake:2  | Identified the +7 war axe "Killer Bee's Death" {heavy,
                  | rElec}
 29426 | Snake:2  | Reached XP level 17. HP: 130/164 MP: 13/29
 30578 | Snake:3  | Reached skill level 10 in Armour
 30841 | Snake:4  | Entered Level 4 of the Snake Pit
 33118 | Snake:4  | Got a serpentine rune of Zot
 33687 | Swamp:1  | Entered Level 1 of the Swamp
 33792 | Swamp:1  | Reached skill level 16 in Maces & Flails
 33857 | Swamp:1  | Reached XP level 18. HP: 174/176 MP: 28/31
 33877 | Swamp:1  | Identified the +1 scale mail of the Earth {rPois Str+2}
 33925 | Swamp:1  | Reached skill level 10 in Spellcasting
 35447 | Swamp:3  | Reached skill level 10 in Dodging
 35509 | Swamp:3  | Noticed a tentacled monstrosity
 35523 | Swamp:3  | Killed a tentacled monstrosity
 35838 | Swamp:3  | Found an opulent altar of Gozag.
 36069 | Swamp:4  | Entered Level 4 of the Swamp
 36077 | Swamp:4  | Reached skill level 15 in Fighting
 36101 | Swamp:4  | Reached skill level 17 in Maces & Flails
 36278 | Swamp:4  | Noticed a tentacled monstrosity
 36285 | Swamp:4  | Killed a tentacled monstrosity
 36668 | Swamp:4  | Noticed a tentacled monstrosity
 36690 | Swamp:4  | Killed a tentacled monstrosity
 37222 | Swamp:4  | Got a decaying rune of Zot
 37320 | Swamp:4  | Gained mutation: You sometimes lose your temper in combat.
                  | [a neqoxec]
 37536 | Swamp:4  | Reached XP level 19. HP: 186/186 MP: 21/33
 37997 | Elf:1    | Entered Level 1 of the Elven Halls
 38146 | Elf:1    | Reached skill level 18 in Maces & Flails
 38171 | Elf:1    | Lost mutation: You sometimes lose your temper in combat.
                  | [potion of mutation]
 38171 | Elf:1    | Gained mutation: You have a pair of small antennae on your
                  | head. [potion of mutation]
 38171 | Elf:1    | Gained mutation: You are covered in fur. (AC +1) [potion of
                  | mutation]
 38171 | Elf:1    | Gained mutation: You are agile. (Dex +4, Str/Int -1)
                  | [potion of mutation]
 38524 | Elf:1    | Found Yzado's Armour Shoppe.
 38526 | Elf:1    | Found a runed translucent gate.
 38526 | Elf:1    | Found a runed translucent gate.
 38527 | Elf:1    | Found a runed translucent gate.
 38527 | Elf:1    | Noticed kalagan's ghost (adept DECj)
 38532 | Elf:1    | Bought the scarf of Hubris {repulsion, rPois Int+2} for 381
                  | gold pieces
 38552 | Elf:1    | Found a viscous altar of Jiyva.
 38885 | Elf:1    | Found a portal to a secret trove of treasure.
 38887 | Elf:1    | You paid a toll of 4 potions of resistance to enter a
                  | treasure trove
 38888 | Trove    | Entered a treasure trove
 38892 | Trove    | Identified the amulet of New Discoveries {Reflect +Inv
                  | rElec rC- rCorr SH+5}
 38895 | Trove    | Identified the +0 pair of gloves of Ruisear {rElec Dex+6
                  | Stlth-}
 38902 | Trove    | Identified the ring "Gox Laic" {*Slow rPois Will+ Int+6
                  | Dex+6}
 38906 | Trove    | Got Vehumet's Compilation of Outbursts
 38908 | Trove    | Identified the staff of death "Eddacs" {Drain rN+ Str+6}
 38919 | Trove    | Found the +7 sceptre of Torment {pain, torment}
 38944 | Trove    | Identified the staff of cold "Ruzoadwo" {rC+ Str+3 Int-4
                  | Dex+3}
 40051 | Elf:2    | Found a runed translucent gate.
 40053 | Elf:2    | Found a runed translucent gate.
 40053 | Elf:2    | Found a runed translucent gate.
 40076 | Elf:2    | Reached skill level 19 in Maces & Flails
 40684 | Elf:3    | Entered Level 3 of the Elven Halls
 41241 | Elf:3    | Identified the +16 plate armour of Ignis's Approval {Contam
                  | rN++ Int+3}
 41252 | Elf:3    | Reached XP level 20. HP: 199/199 MP: 34/34
 41505 | Elf:3    | Identified the +3 war axe of Hiesh {venom, Int+3}
 41519 | Elf:3    | Identified the +0 falchion of Crystal {venom, rCorr Dex+3}
 41561 | Elf:3    | Noticed a Brimstone Fiend
 41869 | Elf:3    | Paralysed by an air elemental for 1 turns
 41998 | Elf:3    | Identified Roxanne's Writings on Minerals
 41998 | Elf:3    | Noticed Roxanne
 42010 | Elf:3    | Killed Roxanne
 42211 | Elf:3    | Identified the +5 shortbow of Hoaweg {elec, Int+3 Stlth+}
 42216 | Elf:3    | Identified the +0 falchion "Giantslayer" {drain, rN+ Dex+2}
 42218 | Elf:3    | Identified the +0 cloak of the Witching Gods {Str-2 Dex+9}
 42218 | Elf:3    | Identified the +7 mace of the Gnat {heavy, Fly rN+ Str-4
                  | Dex+6}
 42244 | Elf:3    | Reached skill level 20 in Maces & Flails
 42253 | Elf:3    | Identified the +0 morningstar "Cuocil" {vamp, rElec Str+2
                  | Int+4}
 42259 | Elf:3    | Identified the staff of poison "Bierigh" {rElec rPois
                  | Will+}
 42265 | Elf:3    | Got the Anthology of the Cicada
 42266 | Elf:3    | Identified the +0 plate armour of the Sufficient God {Str+4
                  | Dex-5}
 42267 | Elf:3    | Identified the staff of air "Ussox" {rElec rPois rN+ Will+}
 42378 | Elf:3    | Learned a level 2 spell: Wereblood
 42594 | Vaults:1 | Entered Level 1 of the Vaults
 43233 | Vaults:1 | Identified the +4 long sword of Ashenzari's Supremacy
                  | {pain, Int+6}
 43239 | Vaults:1 | Acquired 894 gold pieces
 43395 | Vaults:1 | Identified the +5 plate armour "Nuopofe" {rC+}
 44469 | Vaults:1 | Reached skill level 1 in Transmutations
 44628 | Vaults:2 | Identified the +2 trident "Oluuti" {flame, rC+ rN+}
 44687 | Vaults:2 | Found a crumbling gateway.
 44701 | Desolati | Entered the Desolation of Salt
 44848 | Desolati | Reached XP level 21. HP: 207/207 MP: 33/35
 44882 | Desolati | Identified the ring of False Pretenses {Wiz rElec Str-5
                  | Slay+4}
 44891 | Desolati | Identified the ring "Baul" {rN+ Str+3}
 44938 | Desolati | Reached skill level 5 in Transmutations
 44955 | Desolati | Identified the ring "Yguifuna" {+Blink rF+ SInv}
 45006 | Desolati | Reached skill level 5 in Throwing
 45489 | Desolati | Got the Precepts of the Jaunt
 45491 | Desolati | Identified the +1 quarterstaff of Myediol {heavy, rN+}
 45614 | Desolati | Got the Secrets of the Crypt
 47277 | Vaults:2 | Found a staircase to the Crypt.
 47714 | Vaults:3 | Gained mutation: You occasionally lose the ability to read
                  | scrolls when taking damage. [mutagenic glow]
 47849 | Vaults:3 | Noticed an ancient lich
 47856 | Vaults:3 | Killed an ancient lich
 48049 | Vaults:3 | Reached skill level 10 in Shields
 48097 | Vaults:3 | Reached XP level 22. HP: 195/219 MP: 30/36
 48353 | Vaults:3 | Reached skill level 21 in Maces & Flails
 48541 | Vaults:3 | Identified the +8 bardiche "Soxasug" {pain, Int+3}
 48546 | Vaults:3 | Identified the +3 whip of Trauma {freeze, SInv}
 48588 | Vaults:3 | Got Veomon's Atlas of Therianthropy and the Birds
 48982 | Vaults:3 | Identified the +5 battleaxe of Midwinter {speed, *Noise rC+
                  | Int+3 SInv}
 49206 | Vaults:3 | Reached skill level 10 in Throwing
 50137 | Vaults:4 | Lost mutation: You occasionally lose the ability to read
                  | scrolls when taking damage. [potion of mutation]
 50137 | Vaults:4 | Lost mutation: You are covered in fur. (AC +1) [potion of
                  | mutation]
 50137 | Vaults:4 | Lost mutation: You are agile. (Dex +4, Str/Int -1) [potion
                  | of mutation]
 50137 | Vaults:4 | Gained mutation: You are agile. (Dex +4, Str/Int -1)
                  | [potion of mutation]
 50137 | Vaults:4 | Gained mutation: You have an increased reservoir of magic.
                  | (+10% MP) [potion of mutation]
 50137 | Vaults:4 | Gained mutation: You occasionally shout uncontrollably at
                  | your foes. [potion of mutation]
 50137 | Vaults:4 | Gained mutation: You are partially covered in iridescent
                  | scales. (AC +2) [potion of mutation]
 50962 | Vaults:4 | Gained mutation: You have hidden genetic defects.
                  | [mutagenic glow]
 51129 | Crypt:1  | Entered Level 1 of the Crypt
 51758 | Crypt:1  | Gained mutation: You are occasionally teleported next to
                  | monsters. [hidden defects]
 51827 | Crypt:1  | Reached XP level 23. HP: 230/230 MP: 37/40
 52017 | Crypt:1  | Acquired 956 gold pieces
 52603 | Crypt:2  | Identified the +7 shortbow "Ogeq Kia" {elec, rElec rN+
                  | Str-2 Int+6}
 52644 | Crypt:2  | Gained mutation: You are dopey. (Int -2) [hidden defects]
 52644 | Crypt:2  | Lost mutation: You have hidden genetic defects. [hidden
                  | defects expressed]
 52948 | Crypt:2  | Reached skill level 22 in Maces & Flails
 53012 | Crypt:2  | Found a shadowy altar of Dithmenos.
 53184 | Crypt:3  | Entered Level 3 of the Crypt
 53202 | Crypt:3  | Found an ancient bone altar of Kikubaaqudgha.
 53364 | Crypt:3  | Lost mutation: You are agile. (Dex +4, Str/Int -1) [potion
                  | of mutation]
 53364 | Crypt:3  | Lost mutation: You are partially covered in iridescent
                  | scales. (AC +2) [potion of mutation]
 53364 | Crypt:3  | Lost mutation: You have an increased reservoir of magic.
                  | (+10% MP) [potion of mutation]
 53364 | Crypt:3  | Lost mutation: You are occasionally teleported next to
                  | monsters. [potion of mutation]
 53364 | Crypt:3  | Gained mutation: Your spells are a little easier to cast,
                  | but a little less powerful. [potion of mutation]
 53555 | Crypt:3  | Found a staircase to the Tomb.
 54224 | Crypt:3  | Noticed a royal mummy
 54230 | Crypt:3  | Killed a royal mummy
 56581 | Depths:1 | Entered Level 1 of the Depths
 57157 | Depths:1 | Identified the +8 battleaxe of Wyrd {antimagic, rElec rC+
                  | Str+6 Dex-2}
 57238 | Depths:1 | Found a gateway to Hell.
 57361 | Depths:1 | Identified the +0 scale mail "Lafodoph" {-Tele rElec Dex+8}
 57451 | Depths:1 | Identified the ring "Sonojioff" {+Blink rElec rPois rF+}
 57478 | Depths:1 | Found Poxe's Gadget Gallery.
 57571 | Depths:1 | Found a glowing golden altar of the Shining One.
 57603 | Depths:1 | Found a one-way gateway to a ziggurat.
 57623 | Depths:1 | Reached XP level 24. HP: 195/244 MP: 30/37
 58507 | Depths:2 | Found a one-way gate leading to the halls of Pandemonium.
 58833 | Depths:2 | Found a large runed translucent door.
 58833 | Depths:2 | Found a large runed translucent door.
 58834 | Depths:2 | Noticed Ivernyr's ghost (veteran FoFi)
 58834 | Depths:2 | Found the +5 scythe "Finisher" {speed, execute}
 58837 | Depths:2 | Identified the +2 halberd of the Absolute Madman {heavy,
                  | rN++ Will- Str+2}
 58994 | Depths:2 | Killed Ivernyr's ghost
 59226 | Depths:2 | Found a shimmering blue altar of Sif Muna.
 59953 | Depths:3 | Noticed a juggernaut
 59969 | Depths:3 | Killed a juggernaut
 59975 | Depths:3 | Reached skill level 23 in Maces & Flails
 60530 | Depths:3 | Noticed a caustic shrike
 60535 | Depths:3 | Killed a caustic shrike
 60646 | Depths:3 | Found Qikk's Firing Range.
 60722 | Depths:3 | Found Jigu's Book Emporium.
 60756 | Depths:3 | Found Qewnunih's Jewellery Boutique.
 60757 | Depths:3 | Found Zyedd's Book Emporium.
 60771 | Depths:3 | Bought a book of the Warp for 840 gold pieces
 60780 | Depths:3 | Learned a level 8 spell: Disjunction
 61371 | Depths:4 | Entered Level 4 of the Depths
 61374 | Depths:4 | Noticed Mennas
 61417 | Depths:3 | Killed Mennas
 61424 | Depths:3 | HP: 18/370 [spriggan berserker/+0 war axe (21)]
 61425 | Depths:3 | HP: 3/370 [ettin/+0 dire flail (12)]
 61426 | Depths:3 | Slain by a spriggan berserker

Illustrated notes

Levels and vault maps discovered:
D:1:      minmay_arrival_stair_chambers, layout_basic,
          shapermc_ecumenical_altar_ellora, chequers_arboretum,
          kennysheep_crisscross, minmay_tetromino_t2
D:2:      layout_basic, serial_shops, shop, nicolae_shop_waterfront,
          nicolae_shop_back_alley_shop
D:3:      layout_basic, serial_shops, nicolae_shop_tiny_statue_garden,
          serial_bayou_pond_d
D:4:      layout_basic, dk_noncrumbling_4, uniq_sigmund, uniq_eustachio
D:5:      layout_loops_ring, nicolae_ru_sacrificial_ziggurat,
          kennysheep_little_box, ebering_ghost_sewer_d, uniq_prince_ribbit1
D:6:      layout_cave_pools, nemelex_dance_club_becter,
          mainiacjoe_overflow_small_starburst, minmay_temple_entry_grid
D:7:      nzn_winding_woodlands_three_and_one
          [nzn_winding_woodlands_5x15_default, nzn_winding_woodlands_5x15_cabin,
          nzn_winding_woodlands_5x15_garden,
          nzn_winding_woodlands_center_garden], layout_basic, uniq_menkaure,
          uniq_maggie
D:8:      layout_loops_cross, grunt_lair_entry_orc_guard_hut
D:9:      layout_cave_pods, lightli_minifort
D:10:     layout_loops_ring, overflow_temple_1_default,
          nicolae_uskayaw_murder_on_the_dancefloor
D:11:     layout_basic, ploomutoo_gammafunk_ghost_potion_laboratory
D:12:     layout_stronghold, erik_orc_1
D:13:     layout_big_octagon, david_vaults_2, serial_column_ruins,
          column_ruins_grid_1, column_ruins_columns_corner, column_ruins_grid_3,
          column_ruins_columns_straight, column_ruins_corridor_corner,
          column_ruins_grid_4, column_ruins_grid_3
D:14:     layout_cave_pods, serial_shops, kennysheep_mini,
          hangedman_abyss_or_decor_lesser_grid, chequers_decorated_corner
D:15:     gammafunk_enter_depths_forms, layout_gridville, gammafunk_ghost_crypt,
          lemuel_round_altar, serial_park_tiny_2, nicolae_vehumet_radiance
Temple:   nicolae_temple_x_marks_the_god
Lair:1:   gammafunk_worm_tunnel, layout_regular_city,
          gammafunk_ghost_abyssal_escape, portal_ice_cave_entry_pillars_1
Lair:2:   layout_misc_corridors, palyth_hydra_swamp_entry, uniq_amaemon
Lair:3:   regret_index_combs_of_tragedy, layout_cave_shapes,
          nicolae_snake_entry_warm_welcome
Lair:4:   layout_hall_layers, nicolae_volcano_entry_two_sided, basic_altar,
          uniq_josephine
Lair:5:   grunt_lair_end_beastmaster, layout_regular_city, slime_entry_1,
          ebering_ghost_inner_flame, grunt_megastairs_5, uniq_nessos
Swamp:1:  layout_basic_swamp, evilmike_swamp_ruin_rubble_2
Swamp:2:  layout_basic_swamp, evilmike_swamp_ruin_house_1,
          infiniplex_staircase_pool
Swamp:3:  layout_falls_marsh, basic_altar, swamp_pool1
Swamp:4:  nzn_swamp_witches_coven, layout_basic_swamp, swamp_pool1,
          grunt_hermit_hut
Snake:1:  layout_rooms, nicolae_shop_vocational, uniq_asterion, uniq_louise
Snake:2:  layout_grid_maze, minmay_shoptagon, grunt_megastairs_2
Snake:3:  layout_honeycomb
Snake:4:  minmay_snake_end_coiled, layout_basic, special_room
Orc:1:    minmay_goldmine, layout_caves
Orc:2:    st_orc_ogre_mass, layout_diamond_mine
Elf:1:    eino_elf_arrival_customs, layout_rooms, gammafunk_ghost_ooze,
          serial_shops, nicolae_shop_stone, enter_trove_0,
          hangedman_elf_represent, serial_sigils_hangedman_snap
Elf:2:    nicolae_elf_blades_crystal_corner, layout_geoelf_octagon
Elf:3:    elf_hall, layout_loops_cross, kennysheep_underground_church,
          uniq_roxanne
Vaults:1: nicolae_vaults_hallways_thing, nicolae_vaults_storage_room_statues,
          hangedman_vaults_variations, nicolae_vaults_stairing_the_circle,
          vaults_room_pools, vaults_mumra_chevron,
          nicolae_vaults_storage_closets_3, vaults_room_pool,
          layout_vaults_omnigrid
Vaults:2: portal_desolation_entry_twin_temple, vaults_dpeg_doors,
          nicolae_vaults_ninety_degrees, hangedman_vaults_hat, v_alt_pattern_3,
          vaults_room_fancy_cross, nicolae_vaults_surprise_closet,
          nicolae_vaults_alarming, vaults_room_grid,
          ontoclasm_vaults_ring_small, hangedman_vaults_corner_blocks,
          minmay_crypt_entry_simple_round, nicolae_vaults_little_squares_4,
          nicolae_vaults_three_branches, nicolae_vaults_diamond_1,
          layout_vaults_ring
Vaults:3: grunt_vaults_funneled_arena, v_alt_pattern_3,
          nicolae_vaults_back_hallway, nicolae_vaults_swerve,
          nicolae_vaults_network_periphery, vaults_room_ringed_pool,
          nicolae_vaults_circle_grid_b, nicolae_vaults_wine_cellar,
          nicolae_vaults_diagonal_hallway_6, hangedman_vaults_trim,
          vaults_dpeg_hooks, layout_vaults_omnibox
Vaults:4: nicolae_vaults_little_squares_3, hangedman_vaults_nails, v_misc_22,
          hangedman_vaults_cutoff, nicolae_vaults_network_quinsquares
          [nicolae_vaults_network_quincunx_subvault,
          nicolae_vaults_network_quincunx_subvault,
          nicolae_vaults_network_quincunx_subvault,
          nicolae_vaults_network_quincunx_subvault], nicolae_vaults_little_ls,
          nicolae_vaults_ellipses_ellipsis, v_misc_24,
          nicolae_vaults_border_crossing, vaults_room_hangedman_quadrants,
          layout_vaults_omnicross
Crypt:1:  layout_chaotic_city, small_statue_intersection, st_stairs_13,
          grunt_crypt_arrival_guarded_gate, lemuel_upstairs_altar
Crypt:2:  layout_rooms, nicolae_nh_vlads_tower
Crypt:3:  church_of_pain_bobbens, layout_chaotic_city, tomb_entry_shell_bobbens,
          mu_enter_wizlab_5, corner_web_ring
Depths:1: layout_gridlike, enter_ziggurat_f, grunt_hell_entry_demonic_statue,
          nicolae_tso_swordbearing_angel, nrook_campfire, nicolae_shop_gadgets
Depths:2: nicolae_cairo_tiling_large, layout_cave_shapes,
          ebering_ghost_disaster_area, abyss_entry, lemuel_blue_sif_altar,
          hell_entry, rand_demon_pan_entry_7, minivault_1
Depths:3: lemuel_castle_with_subvaults [lemuel_castle_interior_original],
          layout_cave_shapes, hell_entry, grunt_decor_mini_mirrors, abyss_entry,
          rand_demon_pan_entry_9, nicolae_shop_firing_range,
          infiniplex_staircase_zigzag_2, minmay_shop_grove
Depths:4: grunt_x_marks_the_spot, layout_cave_pools, grunt_hell_entry_dis_mu,
          onia_ninara_cookie, serial_bayou_shore_b, serial_bayou_shore_b,
          uniq_xtahua, uniq_mennas

Skill      XL: |  1  2  3  4  5  6  7  8  9 10 11 12 13 14 15 16 17 18 19 20 21 22 23 24 |
---------------+-------------------------------------------------------------------------+-----
Maces & Flails | 3 4 5 6 7 8 9 10 12 13 14 15 16 17 19 20 21 22 23 | 23.3
Dodging        | 2 3 4 6 8 9 10 11 12 13 | 13.2
Fighting       | 3 5 6 7 8 9 10 11 12 13 14 15 16 17 18 20 | 20.8
Armour         | 1 3 4 5 6 7 8 9 10 | 10.1
Translocations | 4 7 9 10 12 | 12.3
Spellcasting   | 3 4 5 6 8 9 10 | 10.0
Throwing       | 1 3 4 9 12 | 12.0
Shields        | 3 5 6 7 8 10 11 13 14 | 14.4
Invocations    | 3 10 | 10.0
Transmutations | 3 5 |  5.1

Action                     |  1- 3 |  4- 6 |  7- 9 | 10-12 | 13-15 | 16-18 | 19-21 | 22-24 || total
---------------------------+-------+-------+-------+-------+-------+-------+-------+-------++-------
  Melee: Mace              |    94 |   113 |   213 |   185 |  1072 |   472 |   723 |   984 ||  3856
         Morningstar       |       |       |   125 |   572 |    64 |   725 |   467 |       ||  1953
         Constrict         |       |       |       |       |   194 |   253 |   316 |   292 ||  1055
         Eveningstar       |       |       |       |       |       |       |       |   548 ||   548
  Throw: Boomerang         |       |     4 |       |       |       |       |       |       ||     4
         Dart              |       |       |       |     2 |       |       |     1 |       ||     3
         Javelin           |       |       |       |       |       |       |       |    12 ||    12
   Cast: Lesser Beckoning  |       |       |       |    12 |    10 |    75 |   139 |   100 ||   336
         Vhi's Electric Ch |       |       |       |     9 |     8 |    23 |    26 |    20 ||    86
         Manifold Assault  |       |       |       |    27 |    72 |    80 |    49 |    13 ||   241
         Blink             |       |       |       |     2 |     4 |       |     3 |     2 ||    11
         Wereblood         |       |       |       |       |       |       |     9 |    24 ||    33
 Invoke: Slouch            |       |       |       |     1 |     1 |     1 |     4 |     3 ||    10
         Bend Time         |       |       |       |       |     1 |       |       |       ||     1
         Temporal Distorti |       |       |       |       |       |     1 |       |       ||     1
Ability: Spit Poison       |    27 |    30 |    66 |    34 |     3 |     1 |       |       ||   161
  Evoke: Wand              |       |       |     1 |     1 |       |       |       |       ||     2
    Use: Scroll            |     2 |     5 |     5 |    14 |    14 |     8 |     6 |    11 ||    65
         Potion            |       |     1 |     6 |     5 |     2 |     2 |     7 |    18 ||    41
   Stab: Petrified         |       |       |       |       |     3 |       |       |       ||     3
         Distracted        |       |       |       |       |       |     5 |     4 |     1 ||    10
         Petrifying        |       |       |       |       |       |     1 |       |       ||     1
         Paralysed         |       |       |       |       |       |     1 |       |       ||     1
 Armour: Leather armour    |    14 |       |       |    34 |       |       |       |       ||    48
         Scale mail        |    17 |       |       |       |       |       |       |       ||    17
         Chain mail        |     4 |    63 |   205 |   372 |   578 |   486 |   263 |   208 ||  2179
         Crystal plate arm |       |       |       |    35 |    38 |       |   156 |       ||   229
         Plate armour      |       |       |       |       |       |       |    22 |   544 ||   566
  Dodge: Dodged            |    54 |    52 |   125 |   339 |   427 |   302 |   520 |   771 ||  2590
         Repelled          |       |       |       |       |       |       |    13 |     4 ||    17
  Block: Buckler           |       |    22 |    57 |   210 |   388 |   122 |       |       ||   799
         Tower shield      |       |       |       |       |       |   611 |  1230 |  2048 ||  3889
         Kite shield       |       |       |       |       |       |    17 |       |       ||    17
